 Dungeon Crawl Stone Soup version 0.25.0-9-g26727b657a (webtiles) character file.

Game seed: 3842778358284093408

1059 Delamore the Basher (level 8, -1/46 HPs)
             Began as a Gargoyle Fighter on June 18, 2020.
             Was a Believer of Okawaru.
             Killed from afar by an orc wizard (8 damage)
             ... with a magic dart
             ... on level 5 of the Dungeon.
             The game lasted 00:04:44 (5087 turns).

Delamore the Basher (Gargoyle Fighter)              Turns: 5087, Time: 00:04:45

Health: -1/46      AC: 14    Str: 21    XL:     8   Next: 27%
Magic:  8/8        EV:  7    Int: 10    God:    Okawaru [**....]
Gold:   344        SH:  9    Dex:  9    Spells: 7/7 levels left

rFire    . . .     SeeInvis .   w - +4 whip
rCold    . . .     Gourm    .   c - +0 kite shield
rNeg     + . .     Faith    .   b - +0 scale mail
rPois    ∞         Spirit   .   (no helmet)
rElec    +         Reflect  .   q - +0 cloak
rCorr    .         Harm     .   s - +0 pair of gloves
MR       .....                  (no boots)
Stlth    ..........             e - amulet of magic regeneration
HPRegen  0.15/turn              p - ring of flight
MPRegen  0.36/turn              (no ring)

@: no status effects
A: negative energy resistance 1, electricity resistance, unbreathing,
petrification resistance, rot immunity, AC +5
a: Heroism, Renounce Religion, Evoke Flight


You were on level 5 of the Dungeon.
You worshipped Okawaru.
Okawaru was pleased with you.
You were not hungry.

You visited 1 branch of the dungeon, and saw 5 of its levels.
You also visited: Sewer.

You collected 344 gold pieces.

Inventory:

Hand Weapons
 a - a +0 flail
 w - a +4 whip (weapon)
Missiles
 v - a throwing net (quivered)
Armour
 b - a +0 scale mail (worn)
 c - a +0 kite shield (worn)
 q - a +0 cloak (worn)
 s - a +0 pair of gloves (worn)
Jewellery
 e - an amulet of magic regeneration (around neck)
 p - a ring of flight (left hand)
 t - a +6 ring of strength {unknown}
 y - an uncursed ring of resist corrosion
Wands
 r - a wand of polymorph (5)
 x - a wand of acid (9)
Scrolls
 h - a scroll of enchant armour {unknown}
 j - 4 scrolls of identify {unknown}
 k - 4 scrolls of remove curse {unknown}
 l - 2 scrolls of fog {unknown}
 m - 3 scrolls of teleportation {unknown}
Potions
 d - a potion of might
 g - 2 potions of degeneration {unknown}
 i - 3 potions of curing {unknown}
 n - a potion of cancellation {unknown}
 o - 2 potions of heal wounds {unknown}
 z - a potion of berserk rage {unknown}
 A - a potion of haste {unknown}
Comestibles
 f - 11 rations
 u - 4 chunks of flesh


   Skills:
 - Level 3.2 Fighting
 + Level 9.6 Maces & Flails
 - Level 3.2 Armour
 - Level 3.2 Shields


You had 7 spell levels left.
You didn't know any spells.
Your spell library contained the following spells:

 Spells                   Type           Power        Failure   Level  Hunger
 Beastly Appendage        Tmut           #.....       99%         1    ##.....
 Sticks to Snakes         Tmut           #.......     100%        2    ###....
 Confusing Touch          Hex            #.......     100%        3    ####...
 Gell's Gravitas          Tloc           #.........   100%        3    ####...
 Spider Form              Tmut/Pois      #.........   100%        3    ####...
 Ice Form                 Ice/Tmut       #.......     100%        4    #####..
 Petrify                  Tmut/Erth      #.......     100%        4    #####..
 Blade Hands              Tmut           #.........   100%        5    ######.
 Metabolic Englaciation   Hex/Ice        #.........   100%        5    ######.
 Yara's Violent Unravell  Hex/Tmut       #.........   100%        5    ######.


Dungeon Overview and Level Annotations

Branches:
Dungeon (5/15)              Sewer (visited)
 Temple: D:4-7

Altars:
Okawaru
Uskayaw
The Shining One


Innate Abilities, Weirdness & Mutations

You are resistant to torment.
Your stone body is resilient. (AC +5)
You are immune to poison.
You resist negative energy. (rN+)
You are resistant to electric shocks. (rElec)
You can survive without breathing.
You are immune to petrification.
You are immune to rotting.


Message History

The orc wizard casts a spell.
The orc wizard blinks!
The centaur hits you but does no damage.
The orc hits you but does no damage.
The orc priest mumbles some strange prayers to Beogh against you.
Beogh smites you!
* * * LOW HITPOINT WARNING * * *
You barely miss the orc priest.
The orc priest is severely wounded.
The centaur barely misses you.
The orc priest hits you but does no damage.
You whack the orc priest!
You kill the orc priest!
Okawaru accepts your kill. The centaur barely misses you.
The orc wizard hits you but does no damage.
You block the centaur's attack.
The orc wizard gestures at you while chanting.
The magic dart hits you!
You die...

#### #### ###..#
##....
#....##......
#...#.......
##......._...
#...oo.......
#....@....... #
##...c###.... ###.
##.#....# # #...
##....#...#
#....###.....###...
#...#....#..# ##..
##......##...# ...
###.......####...
..
#......#...###....


You could see a centaur, an orc wizard (fast) and an orc.

Vanquished Creatures
  An ogre (D:4)
  A phantom (D:4)
  A bullfrog (Sewer)
  2 scorpions
  A bullfrog zombie (D:5)
  Crazy Yiuf (D:3)
  3 orc priests
  A hound (D:4)
  Ijyb (D:3)
  Natasha (twice) (D:2)
  An orc wizard (D:5)
  5 worker ants
  A hound skeleton (D:4)
  A howler monkey skeleton (D:4)
  8 gnolls (D:4)
  8 adders
  A river rat (D:4)
  A worm (D:2)
  2 dart slugs
  3 leopard geckos
  14 orcs
  4 ball pythons
  23 giant cockroaches
  19 goblins
  4 hobgoblins
  8 jackals
  A quokka (D:2)
  8 bats
  12 frilled lizards
  A jackal zombie (D:5)
  10 kobolds
  12 rats
161 creatures vanquished.

Notes
Turn   | Place    | Note
-------+----------+-------------------------------------------
     0 | D:1      | Delamore the Gargoyle Fighter began the quest for the Orb.
     0 | D:1      | Reached XP level 1. HP: 14/14 MP: 1/1
   106 | D:1      | Reached XP level 2. HP: 18/19 MP: 2/2
   181 | D:1      | Reached skill level 3 in Maces & Flails
   428 | D:1      | Reached XP level 3. HP: 23/23 MP: 3/3
  1165 | D:2      | Reached skill level 4 in Maces & Flails
  1260 | D:2      | Reached XP level 4. HP: 27/28 MP: 4/4
  1571 | D:2      | Noticed Natasha
  1576 | D:2      | Killed Natasha
  1576 | D:2      | Reached skill level 5 in Maces & Flails
  1576 | D:2      | Reached XP level 5. HP: 32/32 MP: 5/5
  1602 | D:2      | Noticed Natasha
  1613 | D:2      | Killed Natasha
  1707 | D:2      | Found a glowing golden altar of the Shining One.
  1791 | D:2      | Found an iron altar of Okawaru.
  1930 | D:2      | Became a worshipper of Warmaster Okawaru
  2053 | D:3      | Noticed Ijyb
  2128 | D:3      | Killed Ijyb
  2284 | D:3      | Reached skill level 6 in Maces & Flails
  2284 | D:3      | Reached XP level 6. HP: 35/37 MP: 6/6
  2613 | D:3      | Found a runed translucent door.
  2614 | D:3      | Noticed Crazy Yiuf
  2802 | D:3      | Killed Crazy Yiuf
  3242 | D:4      | Reached skill level 7 in Maces & Flails
  3270 | D:4      | Reached * piety under Okawaru
  3297 | D:4      | Found a glowing drain.
  3311 | Sewer    | Entered a sewer
  3332 | Sewer    | Reached XP level 7. HP: 41/41 MP: 7/7
  3984 | D:4      | Reached skill level 8 in Maces & Flails
  4613 | D:4      | Reached skill level 9 in Maces & Flails
  4613 | D:4      | Reached XP level 8. HP: 34/46 MP: 8/8
  4751 | D:5      | Entered Level 5 of the Dungeon
  4804 | D:5      | Reached ** piety under Okawaru
  5063 | D:5      | Found a hide-covered altar of Uskayaw.
  5087 | D:5      | Killed from afar by an orc wizard

Illustrated notes

Levels and vault maps discovered:
D:1:      elethiomel_arrival_infinity_welcomes_careful_drivers, layout_basic
D:2:      minmay_roachtagon, layout_loops_ring, okawaru_metal_pillars_1_2,
          lemuel_crystal_altar, uniq_natasha
D:3:      kennysheep_the_goblin_king, layout_rooms,
          nicolae_overflow_hidden_temple, chequers_big_river,
          uniq_crazy_yiuf_cottage
D:4:      layout_loops_ring, gup_sewer_entry_bubbles, first_ration
D:5:      layout_cave_pools, kennysheep_little_box, lemuel_crystal_altar,
          basic_altar

Skill      XL: |  1  2  3  4  5  6  7 |
---------------+----------------------+-----
Maces & Flails | 3 4 5 6 7 9 |  9.6
Fighting       | |  3.2
Armour         | |  3.2
Shields        | |  3.2

Action                   |  1- 3 |  4- 6 |  7- 9 || total
-------------------------+-------+-------+-------++-------
Melee: Flail             |   200 |   194 |       ||   394
       Unarmed           |       |     5 |       ||     5
       Whip              |       |    55 |   211 ||   266
  Eat: Chunk             |     2 |     7 |     6 ||    15
Armor: Scale mail        |   141 |   165 |    90 ||   396
       Skin              |       |     1 |       ||     1
Dodge: Dodged            |    91 |    90 |    48 ||   229
Block: Kite shield       |   149 |   160 |    74 ||   383
